 Dungeon Crawl Stone Soup version 0.31-a0-960-g0fca184906 (webtiles) character file.

Game seed: 5646113081455290371

42 Ge0ff the Magician (level 3, -2/28 HPs)
             Began as a Ghoul Hedge Wizard on Oct 22, 2023.
             Slain by a cerulean imp
             ... wielding a +4 spear
             ... summoned by Natasha
              (4 damage)
             ... on level 2 of the Dungeon.
             The game lasted 00:04:11 (1994 turns).

Ge0ff the Magician (Ghoul Hedge Wizard)             Turns: 1994, Time: 00:04:11

Health: -2/28      AC:  4    Str: 21    XL:     3   Next: 54%
Magic:  6/6        EV: 11    Int:  9    God:
Gold:   46         SH:  0    Dex:  8    Spells: 2/7 levels left

rFire   . .          .
                       - Unarmed
rCold   + . .        (no shield)
rNeg    + + +        U - +0 leather armour
rPois   ∞            c - +0 hat
rElec   .            (no cloak)
rCorr   .            (no gloves)
SInv    .            M - +0 pair of boots
Will    +....        (no amulet)
Stlth   +            O - +6 ring of strength
HPRegen 0.00/turn    (no ring)
MPRegen 0.10/turn

%: no passive effects
@: brilliant, enlightened, flying, inhibited regen
A: claws 1, cold resistance 1, negative energy resistance 3, inhibited
regeneration, torment resistance 2, devour on kill
a: no special abilities


You were on level 2 of the Dungeon.
You visited 1 branch of the dungeon, and saw 2 of its levels.

You collected 46 gold pieces.

Inventory:

Hand Weapons
 a - a +0 dagger
Missiles
 N - 14 stones
Armour
 c - a +0 hat (worn)
 M - a +0 pair of boots (worn)
 U - a +0 leather armour (worn)
Jewellery
 O - a +6 ring of strength (left claw)
Scrolls
 L - a scroll of teleportation {unknown}
 P - a scroll of brand weapon {unknown}
 Q - a scroll of enchant armour {unknown}
 R - a scroll of identify {unknown}
Potions
 K - a potion of magic {!q}


   Skills:
 - Level 1.0 Fighting
 * Level 0.6 Armour
 - Level 1.7 Dodging
 - Level 2.1 Stealth
 - Level 2.0 Unarmed Combat
 - Level 2.6 Spellcasting
 - Level 1.0 Conjurations
 + Level 1.7 Summonings
 - Level 0.8 Translocations


You had 2 spell levels left.
You knew the following spells:

 Your Spells              Type           Power      Damage    Failure   Level
k - Magic Dart            Conj           16%        1d3       24%         1
s - Call Imp              Summ           12%        N/A       26%         2
B - Blink                 Tloc           8%         N/A       36%         2

Your spell library contained the following spells:

 Spells                   Type           Power      Damage    Failure   Level
 Slow                     Hex            4%         N/A       34%         1
 Cigotuvi's Dreadful Rot  Necr/Pois/Air  2%         N/A       47%         2
 Mephitic Cloud           Conj/Pois/Air  2%         N/A       67%         3
 Ignite Poison            Fire/Tmut/Pois 1%         N/A       71%         3
 Summon Ice Beast         Ice/Summ       4%         N/A       94%         4
 Sticky Flame             Conj/Fire      3%         2d3       96%         4
 Summon Mana Viper        Hex/Summ       4%         N/A       100%        5
 Monstrous Menagerie      Summ           3%         N/A       100%        7
 Ignition                 Fire           0%         3d3       100%        8


Dungeon Overview and Level Annotations

Branches:
Dungeon (2/15) Zot: 9970

Altars:

Shops:
D:1 [

Annotations:
D:2 Natasha


Innate Abilities, Weirdness & Mutations

You are immune to poison.
You have sharp fingernails.
Your flesh is cold resistant. (rC+)
You are immune to negative energy. (rN+++)
You do not regenerate when monsters are visible.
You are immune to unholy pain and torment.
You thrive by killing the living.


Message History

Orders for allies: a - Attack new target. r - Retreat! s - Stop attacking. g - Guard the area. f - Follow me.
Anything else - Cancel.
You shout for attention!
You hear an angry hiss.
You start waiting.
Natasha is nearby!
Natasha closely misses you.
You scratch Natasha but do no damage.
Natasha mumbles some strange words.
You barely miss Natasha. Natasha claws you.
You closely miss Natasha. Natasha barely misses you.
The cerulean imp hits you from afar with a +1 spear.
You miss Natasha.
The cerulean imp hits you from afar with a +1 spear.
Natasha closely misses you.
You completely miss Natasha. The cerulean imp completely misses you.
Natasha claws you.
It was a potion of enlightenment.
You feel very buoyant.
You fly up into the air.
Natasha casts a spell.
The cerulean imp barely misses you.
It was a potion of brilliance.
You feel clever all of a sudden. Natasha barely misses you.
The cerulean imp misses you. The cerulean imp barely misses you.
You scratch Natasha but do no damage.
The cerulean imp hits you from afar with a +1 spear.
* * * LOW HITPOINT WARNING * * *
Natasha mumbles some strange words.
Natasha's front paws start to glow.
Natasha barely misses you.
You completely miss Natasha.
The cerulean imp hits you with a +4 spear.
* * * LOW HITPOINT WARNING * * *
The cerulean imp barely misses you. Natasha misses you.
You scratch Natasha.
Natasha is moderately wounded.
The cerulean imp closely misses you. Natasha barely misses you.
The cerulean imp closely misses you.
You closely miss Natasha.
Natasha is moderately wounded.
The cerulean imp barely misses you.
The cerulean imp hits you but does no damage.
Natasha misses you.
You scratch Natasha.
Natasha is heavily wounded.
The cerulean imp hits you with a +4 spear.
You die...

# #..# #.#..$ # ###..##.#....
# #.......h... # #.#..####...
# #.##.# #.# # #.##.# #.#
#########.##.# #†#
....).....##.####h###.#
############....@55...# #
#.####.##### ##
#########.####.####### .#
#...†........#<......########
##
#.#######.##.#######..........
####.#######.##.# #...........
...........#.##.# #.##########
####.#####.>..#.######.#
###### # #.#####.............#
#.....


You could see Natasha and 2 cerulean imps.

Vanquished Creatures
  2 worms (D:2)
  2 dart slugs
  6 bats (D:1)
  3 endoplasms (D:1)
  A giant cockroach (D:1)
  3 goblins (D:1)
  4 hobgoblins
  2 kobolds
  3 ball pythons
  2 frilled lizards
  2 rats
30 creatures vanquished.

Notes
Turn   | Place    | Note
-------+----------+-------------------------------------------
     0 | D:1      | Ge0ff the Ghoul Hedge Wizard began the quest for the Orb.
     0 | D:1      | Reached XP level 1. HP: 14/14 MP: 3/3
   197 | D:1      | Reached skill level 1 in Fighting
   234 | D:1      | Found Vuwoggus's Antique Armour Boutique.
   306 | D:1      | Reached skill level 1 in Unarmed Combat
   349 | D:1      | Reached XP level 2. HP: 22/23 MP: 0/4
   435 | D:1      | Reached skill level 1 in Conjurations
   438 | D:1      | Learned a level 2 spell: Blink
   441 | D:1      | Learned a level 2 spell: Call Imp
   670 | D:1      | Reached skill level 1 in Summonings
  1077 | D:1      | Reached XP level 3. HP: 28/28 MP: 1/6
  1716 | D:2      | Noticed Natasha
  1994 | D:2      | Slain by a cerulean imp

Illustrated notes

Levels and vault maps discovered:
D:1:      minmay_arrival_open_corners, layout_loops_ring, serial_rivers,
          chequers_serial_rivers_large_b, chequers_serial_rivers_marsh,
          chequers_serial_rivers_small_3, chequers_serial_rivers_micro_e,
          chequers_serial_rivers_room_a, chequers_serial_rivers_small_3,
          serial_shops, shop
D:2:      layout_loops_ring, uniq_natasha

Skill      XL: |  1  2  3 |
---------------+----------+-----
Fighting       | 1 |  1.0
Unarmed Combat | 1 2 |  2.0
Conjurations   | 1 |  1.0
Summonings     | 1 |  1.7
Armour         | |  0.6
Dodging        | |  1.7
Stealth        | |  2.1
Spellcasting   | |  2.6
Translocations | |  0.8

Action                     || total
---------------------------++-------
  Melee: Unarmed           ||    68
         Punch             ||     2
   Cast: Magic Dart        ||    53
    Use: Potion            ||     2
 Armour: Robe              ||    13
         Leather armour    ||    14
  Dodge: Dodged            ||    47

Table legend: (Time is in decaauts)
 A = Elapsed time spent in this place.
 B = Non-inter-level travel time spent in this place.
 C = Inter-level travel time spent in this place.
 D = Time resting spent in this place.
 E = Time spent auto-exploring this place.
 F = Levels seen in this place.
 G = Mean time per level.
                   A        B        C        D        E       F      G
               +--------+--------+--------+--------+--------+-----+--------+
         Total |   2029 |   2004 |     25 |    315 |   1258 |   2 | 1014.5 |
       Dungeon |   2029 |   2004 |     25 |    315 |   1258 |   2 | 1014.5 |
               +--------+--------+--------+--------+--------+-----+--------+

Top non-repeatable levels by time:
     D:1: 1508 daAuts
     D:2: 520 daAuts
